 Dungeon Crawl Stone Soup version 0.21.1-1-g345015f (webtiles) character file.

31587 jamsan the Convoker (level 13, -6/65 HPs)
             Began as a Felid Summoner on June 18, 2018.
             Was an Elder of Sif Muna.
             Shot with a sling bullet by a faun (13 damage)
             ... on level 2 of the Shoals on June 20, 2018.
             The game lasted 06:57:36 (48586 turns).

jamsan the Convoker (Felid Summoner)               Turns: 48586, Time: 06:57:36

Health: -6/65      AC:  3    Str:  4    XL:     13   Next: 26%
Magic:  1/26       EV: 14    Int: 25    God:    Sif Muna [****..]
Gold:   1410       SH:  0    Dex: 16    Spells: 3/29 levels left
                                        Lives:  0   Deaths: 3

rFire    + . .     SeeInvis +   (weapon unavailable)
rCold    + . .     Gourm    .   (shield unavailable)
rNeg     . . .     Faith    .   (armour unavailable)
rPois    +         Spirit   .   (helmet unavailable)
rElec    .         Reflect  +   (cloak unavailable)
rCorr    .         Harm     .   (gloves unavailable)
MR       +....                  (boots unavailable)
Stlth    +.........             D - amulet of Xom's Outrage {Reflect rPois rF+ Slay+3 SH+4}
HPRegen  0.20/turn              H - +3 ring of intelligence
MPRegen  0.20/turn              G - ring of poison resistance

@: held, divine energy, very slow
A: very small, no armour, no weapons or thrown items, stealth, claws 1, fangs 3,
see invisible, carnivore, speed 1, shaggy fur 3, slow metabolism 1, sharp paws
a: Stop Divine Energy, Channel Magic, Forget Spell, Renounce Religion


You were on level 2 of the Shoals.
You worshipped Sif Muna.
Sif Muna was greatly pleased with you.
You were full.

You visited 5 branches of the dungeon, and saw 26 of its levels.
You also visited: Labyrinth.

You collected 2377 gold pieces.
You spent 967 gold pieces at shops.

Inventory:

Jewellery
 d - an uncursed ring of protection from cold
 r - a +4 ring of dexterity
 v - a +3 ring of slaying
 A - an uncursed amulet of magic regeneration
 D - the amulet of Xom's Outrage (around neck) {Reflect rPois rF+ Slay+3 SH+4}
   (You acquired it on level 1 of the Shoals)

   [amulet of reflection]

   It shields you and reflects attacks.
   It affects your accuracy and damage with ranged weapons and melee attacks
   (+3).
   It protects you from fire.
   It protects you from poison.
   It affects your SH (+4).
 G - a ring of poison resistance (right paw)
 H - a +3 ring of intelligence (left paw)
 N - an uncursed ring of positive energy
 Q - the amulet "Xiyx Way" {Spirit +Blink rElec Slay+3}
   (You found it in a labyrinth)

   [amulet of guardian spirit]

   It causes incoming damage to be split between your health and magic.
   It affects your accuracy and damage with ranged weapons and melee attacks
   (+3).
   It insulates you from electricity.
   It lets you blink.
Wands
 k - a wand of clouds (2)
 y - a wand of scattershot (13)
 C - a wand of paralysis (1)
 J - a wand of iceblast (23)
 M - a wand of polymorph (29)
 R - a wand of acid (1)
 T - a wand of random effects (4)
Scrolls
 h - 12 scrolls of remove curse
 m - 6 scrolls of teleportation
 p - 2 scrolls of fog
 q - 3 scrolls of amnesia
 u - 2 scrolls of magic mapping
 w - 4 scrolls of blinking
 x - a scroll of identify
 L - 6 scrolls of immolation
 P - a scroll of silence
 S - a scroll of holy word
Potions
 e - 3 potions of agility
 f - a potion of haste
 g - a potion of might
 i - 2 potions of berserk rage
 l - 6 potions of brilliance
 n - 5 potions of lignification
 o - 3 potions of cancellation
 s - a potion of ambrosia
 z - a potion of invisibility
 B - a potion of magic
 F - 4 potions of mutation
 K - 11 potions of curing
 O - 4 potions of flight
 W - 6 potions of resistance
Books
 a - a book of Callings

   Spells                             Type                      Level
   a - Summon Small Mammal            Summoning                    1
   b - Call Imp                       Summoning                    2
   c - Call Canine Familiar           Summoning                    3
   d - Summon Guardian Golem          Hexes/Summoning              3
   e - Summon Lightning Spire         Summoning/Air                4
   f - Summon Ice Beast               Ice/Summoning                4
 j - a book of Misfortune

   Spells                             Type                      Level
   a - Confusing Touch                Hexes                        1
   b - Confuse                        Hexes                        3
   c - Gell's Gravitas                Translocation                3
   d - Petrify                        Transmutation/Earth          4
   e - Metabolic Englaciation         Hexes/Ice                    5
   f - Yara's Violent Unravelling     Hexes/Transmutation          5
 t - a book of Summonings

   Spells                             Type                      Level
   a - Recall                         Summoning/Translocation      3
   b - Aura of Abjuration             Summoning                    5
   c - Summon Demon                   Summoning                    5
   d - Summon Forest                  Summoning/Translocation      5
   e - Summon Mana Viper              Hexes/Summoning              5
   f - Shadow Creatures               Summoning                    6
 E - a book of Party Tricks

   Spells                             Type                      Level
   a - Summon Butterflies             Summoning                    1
   b - Apportation                    Translocation                1
   c - Lesser Beckoning               Translocation                3
   d - Tukima's Dance                 Hexes                        3
   e - Alistair's Intoxication        Transmutation/Poison         5
   f - Invisibility                   Hexes                        6
 U - a book of Minor Magic

   Spells                             Type                      Level
   a - Magic Dart                     Conjuration                  1
   b - Blink                          Translocation                2
   c - Call Imp                       Summoning                    2
   d - Slow                           Hexes                        2
   e - Conjure Flame                  Conjuration/Fire             3
   f - Mephitic Cloud                 Conjuration/Poison/Air       3
 V - Heixzami's Volume of Spatial Heat
   (Sif Muna gifted it to you on level 5 of the Dungeon)

   Spells                             Type                      Level
   a - Teleport Other                 Translocation                3
   b - Force Lance                    Conjuration/Translocation    4
   c - Bolt of Magma                  Conjuration/Fire/Earth       5
   d - Summon Forest                  Summoning/Translocation      5
   e - Malign Gateway                 Summoning/Translocation      7
 X - a book of Debilitation

   Spells                             Type                      Level
   a - Corona                         Hexes                        1
   b - Slow                           Hexes                        2
   c - Inner Flame                    Hexes/Fire                   3
   d - Portal Projectile              Hexes/Translocation          3
   e - Cause Fear                     Hexes                        4
   f - Leda's Liquefaction            Hexes/Earth                  4
 Y - a Fen Folio

   Spells                             Type                      Level
   a - Corpse Rot                     Necromancy                   2
   b - Stone Arrow                    Conjuration/Earth            3
   c - Leda's Liquefaction            Hexes/Earth                  4
   d - Summon Forest                  Summoning/Translocation      5
   e - Hydra Form                     Transmutation                6
   f - Summon Hydra                   Summoning                    7
Miscellaneous
 c - a phial of floods
 Z - a fan of gales (inert)
Comestibles
 b - 22 rations
 I - 6 chunks of flesh


   Skills:
 - Level 12.6 Fighting
 - Level 12.1 Dodging
 - Level 2.6 Stealth
 + Level 8.8 Spellcasting
 - Level 3.2 Hexes
 + Level 15.9 Summonings
 - Level 2.0 Ice Magic
 - Level 6.0 Invocations
 - Level 7.0 Evocations


You had 3 spell levels left.
You knew the following spells:

 Your Spells              Type           Power        Failure   Level  Hunger
a - Summon Butterflies    Summ           ######..     0%          1    None
b - Shadow Creatures      Summ           N/A          1%          6    ######.
c - Summon Demon          Summ           ######....   1%          5    ####...
d - Summon Ice Beast      Ice/Summ       ######..     1%          4    ##.....
e - Confuse               Hex            ####....     4%          3    None
f - Blink                 Tloc           N/A          9%          2    None
g - Summon Forest         Summ/Tloc      ######....   6%          5    ####...


Dungeon Overview and Level Annotations

Branches:
Dungeon (15/15)            Temple (0/1) D:5            Lair (6/6) D:10
 Shoals (1/4) Lair:2        Snake (1/4) Lair:2        Slime (0/5) Lair:5
    Orc (2/2) D:9             Elf (0/3) Orc:2        Vaults (0/5) D:14
 Depths: D:15

Altars:
Fedhas
Okawaru
Qazlal
Sif Muna
Wu Jian
Xom

Shops:
D:6 ?   D:11 *   D:13 !(   D:14 !   Orc:2 *!}?

Annotations:
Snake:1 Agnes


Innate Abilities, Weirdness & Mutations

You cannot wear armour.
You are incapable of wielding weapons or throwing items.
Your paws allow you to move quietly. (Stealth)
You have sharp claws.
You have razor-sharp teeth.
You have supernaturally acute eyesight. (SInv)
You are carnivorous and can eat meat at any time.
You cover ground quickly.
Your thick and shaggy fur keeps you warm. (AC +3, rC+)
You have a slow metabolism.
Your sharp claws are effective at attacking unaware monsters.


Message History

The merfolk dies!
Sif Muna accepts your kill.
The faun shoots a stone.
The stone hits you!
* * * LOW HITPOINT WARNING * * *
You hear a splash.
Something closely misses your sixfirhy.
The faun shoots a sling bullet.
The sling bullet hits you!
* * * LOW HITPOINT WARNING * * *
Your merfolk impaler barely misses the faun.
Your merfolk hits the merfolk siren from afar with a halberd.
You feel better.
Your sixfirhy hits the merfolk siren.
Your sixfirhy shocks the merfolk siren!
Your sixfirhy hits the merfolk siren!
Your sixfirhy shocks the merfolk siren!
The merfolk siren chants a haunting song.
You easily resist.
Your merfolk closely misses the faun.
Your ice beast closely misses the merfolk siren.
Your merfolk impaler hits the faun from afar with a trident of protection!
Your sixfirhy easily resists.
The faun shoots a sling bullet.
The sling bullet hits you!
You die...

...≈≈≈.###...≈≈
..≈≈≈....)(..).
...≈≈..........
.....Y$≈....m.≈
......≈..≈Y3.
#...≈≈)≈≈m.#
#..≈≈≈≈.c#
###..@≈(m..###.
#...(b≈≈≈.?c..
###..≈≈≈≈mm.#
##.≈≈≈bb≈.#
##..≈≈≈≈..#
#...≈≈≈.###
##..≈≈≈.##
#..≈≈≈..#######.
##..≈≈≈≈........


You could see 2 fauns, a merfolk siren, a friendly merfolk impaler, 3 friendly
merfolk, a friendly sixfirhy and 2 friendly ice beasts.

Vanquished Creatures
  A vault guard (D:14)
  3 hydras
  A two-headed ogre (Orc:2)
  A shock serpent (Snake:1)
  2 centaur zombies
  2 spiny frogs
  A komodo dragon (D:10)
  A polar bear (Lair:5)
  A tyrant leech (Lair:6)
  A slime creature (D:12)
  A wind drake (Shoals:1)
  6 blink frogs
  2 redbacks (Snake:1)
  A human (D:14)
  A yak (Lair:6)
  An ogre (Orc:2)
  A centaur (D:6)
  A bullfrog (Lair:6)
  2 vampire bats (D:6)
  A wight (D:6)
  An orc priest (Orc:1)
  An orc wizard (Orc:1)
  An adder (D:5)
  A shadow imp (D:5)
  A leopard gecko (D:3)
  An orc (D:10)
  4 giant cockroaches
  2 goblins (D:1)
  A hobgoblin (D:1)
  3 quokkas
  8 bats
  3 frilled lizards
  5 rats
  3 plants (D:10)
66 creatures vanquished.

Vanquished Creatures (collateral kills)
  Kirke (Lair:6)
  Aizul (Snake:1)
  Snorg (D:11)
  An ettin (Orc:1)
  The ghost of Nicoed the Frost Mage, a journeyman MfIE of Sif Muna (D:13)
  A minotaur (Lab)
  6 hydras
  A vault guard (D:14)
  3 naga warriors (Snake:1)
  3 anacondas (Snake:1)
  The ghost of Trampli the Spear-Bearer, a journeyman FoFi of Makhleb (D:12)
  A death knight (D:14)
  2 centaur warriors
  2 ogre magi (Orc:2)
  12 two-headed ogres
  2 naga sharpshooters (Snake:1)
  A tengu warrior (D:13)
  The ghost of troglodite the Protected, a novice DsBe of Trog (D:10)
  An orc high priest (Orc:1)
  Urug (Orc:1)
  Sonja (Lair:2)
  An unseen horror (D:11)
  2 deep trolls (Orc:2)
  2 sea snakes
  A naga ritualist (Snake:1)
  A lindwurm (Lair:2)
  3 necromancers (D:14)
  An orc sorcerer (Orc:1)
  An ugly thing (D:10)
  A deep elf mage (D:14)
  2 mana vipers (Snake:1)
  3 manticores
  4 oklob plants (Lair:1)
  2 salamanders (Snake:1)
  6 cyclopes
  6 naga magi (Snake:1)
  2 guardian serpents
  25 black mambas
  10 elephants
  23 spiny frogs
  2 gargoyles (D:10)
  The ghost of inc the Shield-Bearer, a novice FoFi (D:5)
  A yaktaur (D:14)
  A kobold demonologist (D:14)
  4 rime drakes
  The ghost of salinator123 the Skirmisher, a novice GrBe of Trog (D:4)
  2 komodo dragons
  7 trolls (Orc:2)
  4 polar bears
  2 merfolk (Shoals:2)
  A wind drake (Shoals:1)
  3 tyrant leeches (Lair:6)
  2 hornets (Lair:2)
  6 dream sheep
  21 blink frogs
  7 hippogriffs
  6 slime creatures (D:12)
  2 snapping turtles (Shoals:2)
  A water elemental (Shoals:2)
  19 yaks
  2 shadows
  A wraith (D:11)
  6 redbacks
  17 humans (D:14)
  2 wyverns
  4 basilisks
  A hog (Lair:6)
  3 hungry ghosts
  A steam dragon (D:10)
  13 vampire mosquitoes
  4 wargs
  7 nagas (Snake:1)
  An acid dragon (D:10)
  14 water moccasins
  7 porcupines
  15 orc warriors
  4 black bears
  6 sky beasts
  An eye of draining (D:14)
  7 ice beasts
  22 ogres
  3 centaurs
  7 phantoms
  The ghost of Jaiteiro the Covered, an amateur HuFi (D:3)
  12 wolves
  13 crocodiles
  A big kobold (D:13)
  A gnoll sergeant (D:5)
  18 bullfrogs
  3 scorpions
  3 killer bees (D:7)
  9 wights
  6 howler monkeys
  An electric eel (Lair:6)
  5 crimson imps
  A bullfrog zombie (D:13)
  3 centaur zombies
  18 orc priests
  3 hounds
  13 jellies
  12 orc wizards
  5 bullfrog skeletons
  6 centaur skeletons
  5 iguanas
  13 worker ants
  A hound zombie (D:6)
  3 hound skeletons
  15 adders
  9 gnolls
  2 shadow imps
  An ooze (Lair:5)
  4 worms
  5 leopard geckos
  63 orcs
  A ball python (D:6)
  13 bats
  2 giant cockroaches (D:3)
  4 goblins
  7 hobgoblins
  10 jackals
  4 quokkas
  3 frilled lizards
  8 kobolds
  A leopard gecko zombie (D:8)
  7 rats
  11 fungi
  18 plants
725 creatures vanquished.

Vanquished Creatures (others)
  4 humans (Lair:6)
  An orc (Orc:1)
  3 fungi
  60 plants
  7 snaplasher vines
  14 toadstools (D:4)
89 creatures vanquished.

Grand Total: 880 creatures vanquished

Notes
Turn   | Place    | Note
-------+----------+-------------------------------------------
     0 | D:1      | jamsan the Felid Summoner began the quest for the Orb.
     0 | D:1      | Reached XP level 1. HP: 7/7 MP: 4/4
   306 | D:1      | Reached XP level 2. HP: 6/11 MP: 0/6
   434 | D:1      | Learned a level 2 spell: Call Imp
  1249 | D:2      | Reached XP level 3. HP: 10/14 MP: 1/8
  1710 | D:3      | Found a stormy altar of Qazlal.
  2115 | D:2      | Reached skill level 1 in Fighting
  2377 | D:3      | Learned a level 3 spell: Call Canine Familiar
  2628 | D:3      | Reached XP level 4. HP: 19/19 MP: 4/9
  3225 | D:5      | Entered Level 5 of the Dungeon
  3410 | D:4      | Noticed a phantom
  3443 | D:4      | Reached skill level 5 in Summonings
  3519 | D:4      | Reached XP level 5. HP: 15/22 MP: 0/11
  3800 | D:3      | Noticed Jaiteiro's ghost (amateur HuFi)
  3828 | D:3      | HP: 1/22 [Jaiteiro's ghost (11)]
  4784 | D:4      | Killed a phantom
  4902 | D:4      | Noticed salinator123's ghost (novice GrBe)
  5150 | D:4      | Found a deep blue altar of Sif Muna.
  5150 | D:4      | Found a blossoming altar of Fedhas.
  5150 | D:4      | Found a shimmering altar of Xom.
  5150 | D:4      | Found a stormy altar of Qazlal.
  5859 | D:4      | Found a blossoming altar of Fedhas.
  5887 | D:4      | Noticed an oklob plant
  6259 | D:4      | Became a worshipper of Sif Muna the Loreminder
  6399 | D:5      | Noticed inc's ghost (novice FoFi)
  6488 | D:5      | Noticed a sky beast
  6563 | D:3      | Killed Jaiteiro's ghost
  6563 | D:3      | Gained mutation: You are covered in thick fur. (AC +2) [Felid growth]
  6563 | D:3      | Reached XP level 6. HP: 27/27 MP: 1/12
  6651 | D:3      | Learned a level 4 spell: Summon Ice Beast
  8660 | D:6      | Reached skill level 6 in Summonings
  8856 | D:6      | Reached XP level 7. HP: 31/31 MP: 7/14
  9375 | D:6      | Found the +4 Vampire's Tooth {vamp}
  9688 | D:6      | Found Emici's Magic Scroll Shop.
  9688 | D:6      | Found an ornate altar of the Wu Jian Council.
  9738 | D:6      | Reached * piety under Sif Muna
  9738 | D:6      | Reached skill level 5 in Spellcasting
 10000 | D:6      | Bought a scroll of teleportation for 36 gold pieces
 10000 | D:6      | Bought a scroll of magic mapping for 42 gold pieces
 10000 | D:6      | Bought a scroll of blinking for 90 gold pieces
 10000 | D:6      | Bought a scroll of fear for 42 gold pieces
 10331 | D:6      | Slain by a wight
 10332 | D:6      | Reached XP level 6. HP: -2/28 MP: 2/14
 11076 | D:5      | Reached XP level 7. HP: 26/33 MP: 6/15
 11383 | D:5      | Found a staircase to the Ecumenical Temple.
 11858 | D:5      | Killed inc's ghost
 11858 | D:5      | Reached skill level 1 in Ice Magic
 12529 | D:6      | Reached skill level 7 in Summonings
 13758 | D:7      | Found an ornate altar of the Wu Jian Council.
 13821 | D:7      | Noticed an unseen horror
 13868 | D:7      | Noticed a wolf spider
 13938 | D:7      | Noticed a hippogriff
 13994 | D:7      | Killed a hippogriff
 13994 | D:7      | Reached XP level 8. HP: 13/36 MP: 0/17
 14822 | D:8      | Noticed a hippogriff
 14924 | D:8      | Noticed a two-headed ogre
 16078 | D:8      | Reached ** piety under Sif Muna
 16129 | D:8      | Reached skill level 8 in Summonings
 16217 | D:8      | Reached skill level 5 in Fighting
 16470 | D:8      | Noticed a two-headed ogre
 16845 | D:7      | HP: 1/37 [killer bee (8)]
 17500 | D:8      | Killed a hippogriff
 17892 | D:8      | Killed a two-headed ogre
 17892 | D:8      | Reached XP level 9. HP: 41/41 MP: 8/20
 18186 | D:8      | Found an iron altar of Okawaru.
 18216 | D:8      | Killed a two-headed ogre
 18824 | D:9      | Found a staircase to the Orcish Mines.
 19009 | D:9      | Noticed a two-headed ogre
 19146 | D:9      | Reached skill level 9 in Summonings
 19277 | D:10     | Entered Level 10 of the Dungeon
 19326 | D:9      | Reached *** piety under Sif Muna
 19702 | D:9      | Killed a two-headed ogre
 19702 | D:9      | Reached skill level 5 in Dodging
 19934 | D:10     | Noticed a gargoyle
 19968 | D:10     | Killed a gargoyle
 19974 | D:10     | Noticed troglodite's ghost (novice DsBe)
 20033 | D:10     | Killed troglodite's ghost
 20123 | D:10     | Noticed a gargoyle
 20138 | D:10     | Killed a gargoyle
 20226 | D:10     | Reached XP level 10. HP: 47/47 MP: 13/21
 20461 | D:10     | Noticed a brown ugly thing
 20475 | D:10     | Killed a brown ugly thing
 20895 | D:10     | Reached skill level 10 in Summonings
 20966 | D:10     | Found a staircase to the Lair.
 21133 | D:11     | Noticed an unseen horror
 21553 | D:11     | Noticed a manticore
 21562 | D:11     | Noticed an eight-headed hydra
 21578 | D:11     | Killed a manticore
 21580 | D:11     | Killed an eight-headed hydra
 21615 | D:11     | Noticed Snorg
 21641 | D:11     | Killed Snorg
 21838 | D:11     | Found Livuott's Assorted Antiques.
 22253 | D:11     | Killed an unseen horror
 22253 | D:11     | Reached **** piety under Sif Muna
 22306 | D:11     | Reached skill level 1 in Evocations
 22335 | D:11     | Noticed a two-headed ogre
 22342 | D:11     | Killed a two-headed ogre
 22622 | D:11     | Reached XP level 11. HP: 40/53 MP: 7/22
 23297 | D:12     | Noticed a centaur warrior
 23308 | D:12     | Killed a centaur warrior
 23396 | D:12     | Noticed a four-headed hydra
 23416 | D:12     | Killed a four-headed hydra
 23556 | D:12     | Reached skill level 11 in Summonings
 23570 | D:12     | Noticed Trampli's ghost (journeyman FoFi)
 23589 | D:12     | Killed Trampli's ghost
 23935 | D:12     | Reached skill level 10 in Dodging
 24628 | D:13     | Found a labyrinth entrance.
 24637 | Lab      | Entered a labyrinth
 25157 | Lab      | Noticed a minotaur
 25177 | Lab      | Killed a minotaur
 25192 | Lab      | Got a slimy pewter amulet
 25450 | D:13     | Found Haytitt's Distillery.
 25489 | D:13     | Identified the amulet "Xiyx Way" {Spirit +Blink rElec Slay+3} (You found it in a labyrinth)
 25577 | D:13     | Found Paepuurgh's Antique Weapon Emporium.
 26294 | D:13     | Learned a level 3 spell: Confuse
 26478 | D:13     | Noticed Nicoed's ghost (journeyman MfIE)
 26579 | D:13     | Killed Nicoed's ghost
 26579 | D:13     | Reached skill level 1 in Hexes
 26629 | D:13     | Noticed a two-headed ogre
 26637 | D:13     | Noticed a sea snake
 26637 | D:13     | a two-headed ogre changed into a sea snake
 26643 | D:13     | Killed a sea snake
 26680 | D:14     | Found Wuicziw's Distillery.
 26683 | D:14     | Bought a potion of brilliance for 48 gold pieces
 26683 | D:14     | Bought a potion of heal wounds for 60 gold pieces
 26683 | D:14     | Bought a potion of heal wounds for 60 gold pieces
 26683 | D:14     | Bought a potion of curing for 36 gold pieces
 26683 | D:14     | Bought a potion of curing for 36 gold pieces
 26926 | D:13     | Noticed a tengu warrior
 26950 | D:13     | Killed a tengu warrior
 27210 | D:14     | Noticed a centaur warrior
 27220 | D:14     | Killed a centaur warrior
 27220 | D:14     | Reached ***** piety under Sif Muna
 27220 | D:14     | Received a gift from Sif Muna
 27220 | D:14     | Reached skill level 12 in Summonings
 27504 | D:14     | Learned a level 1 spell: Summon Butterflies
 27576 | D:14     | Noticed a death knight
 27604 | D:14     | Killed a death knight
 27604 | D:14     | Reached skill level 5 in Evocations
 27836 | D:14     | Noticed a deep elf mage
 27858 | D:14     | Killed a deep elf mage
 27922 | D:14     | Noticed a vault guard
 27935 | D:14     | Gained mutation: Your thick and shaggy fur keeps you warm. (AC +3, rC+) [Felid growth]
 27935 | D:14     | Reached XP level 12. HP: 58/58 MP: 0/23
 27938 | D:14     | Noticed a vault guard
 27939 | D:14     | Reached skill level 10 in Fighting
 28597 | D:14     | Killed a vault guard
 28824 | D:14     | Noticed a two-headed ogre
 28833 | D:14     | Killed a two-headed ogre
 28899 | D:15     | Entered Level 15 of the Dungeon
 28899 | D:15     | Noticed a centaur warrior
 29239 | D:14     | Killed a vault guard
 29466 | D:14     | Noticed a five-headed hydra
 29484 | D:14     | Killed a five-headed hydra
 29813 | D:14     | Found a gate to the Vaults.
 30139 | Lair:1   | Entered Level 1 of the Lair of Beasts
 31343 | Lair:2   | Found a staircase to the Snake Pit.
 31563 | Lair:2   | Found a staircase to the Shoals.
 31732 | Lair:2   | Noticed Sonja
 32418 | Lair:3   | Reached skill level 13 in Summonings
 33091 | Lair:3   | Learned a level 5 spell: Summon Forest
 33418 | Lair:3   | Noticed a seven-headed hydra
 33426 | Lair:3   | Killed a seven-headed hydra
 33680 | Lair:4   | Noticed a four-headed hydra
 33689 | Lair:4   | Killed a four-headed hydra
 34184 | Lair:4   | Noticed a seven-headed hydra
 34205 | Lair:4   | Killed a seven-headed hydra
 34205 | Lair:4   | Reached XP level 13. HP: 63/63 MP: 0/24
 34827 | Lair:5   | Reached skill level 14 in Summonings
 34857 | Lair:5   | Received a gift from Sif Muna
 35030 | Lair:5   | Learned a level 5 spell: Summon Demon
 35173 | Lair:5   | Found a staircase to the Slime Pits.
 35771 | Lair:6   | Entered Level 6 of the Lair of Beasts
 35815 | Lair:6   | Slain by a tyrant leech
 35816 | Lair:6   | Reached XP level 12. HP: 0/60 MP: 0/24
 35877 | Lair:6   | HP: 1/60 [spiny frog (21)]
 36118 | Lair:6   | Noticed a four-headed hydra
 36125 | Lair:6   | Killed a four-headed hydra
 36275 | Lair:6   | Noticed Kirke
 36281 | Lair:6   | Reached skill level 1 in Invocations
 36287 | Lair:6   | Killed Kirke
 37441 | Orc:1    | Entered Level 1 of the Orcish Mines
 37550 | D:9      | Learned a level 2 spell: Blink
 37753 | Orc:1    | Noticed an orc high priest
 38719 | Orc:1    | Killed an orc high priest
 38992 | Orc:1    | Reached skill level 15 in Summonings
 39001 | Orc:1    | Noticed Urug
 39018 | Orc:1    | Killed Urug
 39197 | Orc:1    | Noticed an ettin
 39459 | Orc:1    | Killed an ettin
 39764 | Orc:2    | Entered Level 2 of the Orcish Mines
 40144 | Orc:2    | Noticed a two-headed ogre
 40144 | Orc:2    | Noticed a two-headed ogre
 40144 | Orc:2    | Noticed a two-headed ogre
 40144 | Orc:2    | Noticed a two-headed ogre
 40145 | Orc:2    | Noticed a two-headed ogre
 40146 | Orc:2    | Noticed a two-headed ogre
 40149 | Orc:2    | Noticed a two-headed ogre
 40157 | Orc:2    | Reached XP level 13. HP: 41/63 MP: 1/25
 40297 | Orc:2    | Found Ephoed's Distillery.
 40297 | Orc:2    | Found Qoacyt's Magic Scroll Shop.
 40297 | Orc:2    | Found a staircase to the Elven Halls.
 40343 | Orc:2    | Found Qofoxuyn's Gadget Shop.
 40377 | Orc:2    | Reached skill level 5 in Invocations
 40646 | Orc:2    | Bought a scroll of fear for 49 gold pieces
 40655 | Orc:2    | Found Jauj's Assorted Antiques.
 40693 | Orc:2    | Bought a potion of haste for 130 gold pieces
 40693 | Orc:2    | Bought a potion of curing for 39 gold pieces
 40693 | Orc:2    | Bought a potion of invisibility for 104 gold pieces
 40741 | Orc:2    | Bought a scroll of blinking for 172 gold pieces
 40743 | Orc:2    | Bought a scroll labeled LUFAEM ROXKOO for 23 gold pieces
 40745 | Orc:2    | Got a pitted iron ring
 40746 | Orc:2    | Identified the ring of Maebleb {Fire Str+4 Dex+2} (You acquired it on level 2 of the Orcish Mines)
 41331 | D:4      | Killed salinator123's ghost
 41530 | D:5      | Identified Heixzami's Volume of Spatial Heat (Sif Muna gifted it to you on level 5 of the Dungeon)
 41530 | D:5      | Received a gift from Sif Muna
 43002 | Lair:2   | Killed Sonja
 43301 | Snake:1  | Entered Level 1 of the Snake Pit
 44369 | Snake:1  | Noticed Aizul
 44381 | Snake:1  | Shot with an arrow by a naga sharpshooter
 44382 | Snake:1  | Reached XP level 12. HP: -1/61 MP: 0/24
 44502 | Snake:1  | Noticed a naga warrior
 44520 | Snake:1  | Killed a naga warrior
 44759 | Snake:1  | Learned a level 6 spell: Shadow Creatures
 45073 | Snake:1  | Killed Aizul
 45149 | Snake:1  | Noticed a naga warrior
 45163 | Snake:1  | Killed a naga warrior
 46205 | Snake:1  | Noticed an anaconda
 46221 | Snake:1  | Killed an anaconda
 46278 | Snake:1  | Reached XP level 13. HP: 65/65 MP: 18/26
 46609 | Snake:1  | Noticed Agnes
 48098 | Shoals:1 | Entered Level 1 of the Shoals
 48280 | Shoals:1 | Got a pitted brass amulet
 48281 | Shoals:1 | Identified the amulet of Xom's Outrage {Reflect rPois rF+ Slay+3 SH+4} (You acquired it on level 1 of the Shoals)
 48492 | Shoals:1 | You fall through a shaft!
 48585 | Shoals:2 | HP: 1/65 [faun/sling bullet (12)]
 48586 | Shoals:2 | Shot with a sling bullet by a faun

Skill      XL: |  1  2  3  4  5  6  7  8  9 10 11 12 13 |
---------------+----------------------------------------+-----
Fighting       | 1 2 3 4 5 7 9 10 12 | 12.6
Spellcasting   | 3 4 5 6 7 8 |  8.8
Summonings     | 5 6 7 8 9 10 12 15 14 | 15.9
Ice Magic      | 2 |  2.0
Dodging        | 4 6 9 10 12 | 12.1
Evocations     | 2 5 7 |  7.0
Hexes          | 3 |  3.2
Invocations    | 3 6 |  6.0
Stealth        | |  2.6

Action                   |  1- 3 |  4- 6 |  7- 9 | 10-12 | 13-15 || total
-------------------------+-------+-------+-------+-------+-------++-------
Melee: Unarmed           |    67 |    66 |    56 |    76 |    14 ||   279
       Bite              |     4 |     4 |     5 |     3 |       ||    16
 Cast: Summon Small Mamm |    20 |    14 |    28 |    52 |       ||   114
       Call Imp          |    38 |   105 |   179 |   109 |    22 ||   453
       Call Canine Famil |     1 |    78 |   128 |   158 |    26 ||   391
       Summon Ice Beast  |       |       |    65 |   418 |   140 ||   623
       Summon Butterflie |       |       |       |    71 |    20 ||    91
       Confuse           |       |       |       |     6 |     3 ||     9
       Shadow Creatures  |       |       |       |    19 |    11 ||    30
       Summon Forest     |       |       |       |    16 |    11 ||    27
       Summon Demon      |       |       |       |    11 |    19 ||    30
       Blink             |       |       |       |       |     1 ||     1
Invok: Divine Energy     |       |       |     2 |       |       ||     2
       Channel Magic     |       |       |       |     2 |     3 ||     5
 Abil: Evoke Blink       |       |       |       |     2 |     7 ||     9
Evoke: Wand              |       |       |     2 |    69 |    23 ||    94
       Phial of floods   |       |       |       |     2 |     1 ||     3
       Fan of gales      |       |       |       |     1 |     1 ||     2
  Use: Potion            |     2 |     2 |     4 |     6 |     7 ||    21
       Scroll            |       |     6 |     8 |    24 |    13 ||    51
 Stab: Sleeping          |     1 |     3 |     3 |     1 |       ||     8
       Distracted        |       |       |       |     2 |       ||     2
       Paralysed         |       |       |       |     1 |     2 ||     3
  Eat: Chunk             |     6 |    25 |    20 |    68 |    28 ||   147
       Ration            |       |       |     6 |    11 |     3 ||    20
Armor: Skin              |     2 |    10 |     7 |     9 |     5 ||    33
Dodge: Dodged            |    82 |    95 |   105 |   417 |   156 ||   855
